 Dungeon Crawl Stone Soup version 0.28.0-43-g3370ac3207 (webtiles) character file.

Game seed: 4448915922572534306

632 nickcage the Arsonist (level 7, -2/50 HPs)
             Began as a Green Draconian Fire Elementalist on Mar 7, 2022.
             Killed from afar by an orc wizard (5 damage)
             ... with a magic dart
             ... on level 4 of the Dungeon.
             The game lasted 00:30:01 (5446 turns).

nickcage the Arsonist (DrFE)                        Turns: 5446, Time: 00:30:02

Health: -2/50      AC:  3    Str: 11    XL:     7   Next: 24%
Magic:  2/10       EV: 12    Int: 17    God:
Gold:   155        SH:  0    Dex: 11    Spells: 4/10 levels left

rFire   . . .      SeeInvis .   a - +0 mace
rCold   . . .      Faith    .   (no shield)
rNeg    + . .      Spirit   .   (armour unavailable)
rPois   +          Reflect  .   (helmet restricted)
rElec   .          Harm     .   t - +0 cloak
rCorr   .          Rampage  .   (no gloves)
Will    .....                   (no boots)
Stlth   ++........              (no amulet)
HPRegen 0.16/turn               n - ring of positive energy
MPRegen 0.12/turn               (no ring)

@: corroded
A: breathe noxious fumes, AC +6, unfitting armour, poison resistance,
cold-blooded
a: Breathe Noxious Fumes


You were on level 4 of the Dungeon.
You visited 1 branch of the dungeon, and saw 5 of its levels.

You collected 209 gold pieces.
You spent 54 gold pieces at shops.

Inventory:

Hand Weapons
 a - a +0 mace (weapon)
Armour
 t - a +0 cloak (worn)
Jewellery
 n - a ring of positive energy (left hand)
Wands
 k - a wand of iceblast (13)
Scrolls
 b - a scroll of immolation {unknown}
 c - a scroll of vulnerability {unknown}
 g - 3 scrolls of teleportation {unknown}
 h - 2 scrolls of torment {unknown}
 i - 3 scrolls of identify {unknown}
 j - a scroll of summoning {unknown}
 p - a scroll of silence {unknown}
 s - 2 scrolls of enchant armour {unknown}
Potions
 d - a potion of mutation {unknown}
 e - 2 potions of degeneration {unknown}
 f - a potion of lignification {unknown}
 l - a potion of brilliance {unknown}
 m - a potion of berserk rage {unknown}
 o - a potion of invisibility
 q - a potion of flight {unknown}
 r - a potion of haste {unknown}
 u - a potion of heal wounds {unknown}


   Skills:
 - Level 0.6 Maces & Flails
 - Level 1.7 Dodging
 - Level 1.7 Stealth
 - Level 2.0 Spellcasting
 + Level 1.2 Conjurations
 + Level 8.4 Fire Magic


You had 4 spell levels left.
You knew the following spells:

 Your Spells              Type           Power      Damage    Failure   Level
a - Foxfire               Conj/Fire      72%        2x1d7     2%          1
b - Scorch                Fire           60%        2d8       1%          2
c - Conjure Flame         Conj/Fire      18%        6-21      9%          3

Your spell library contained the following spells:

 Spells                   Type           Power      Damage    Failure   Level
 Inner Flame              Hex/Fire       15%        N/A       11%         3
 Flame Wave               Conj/Fire      18%        2d6       26%         4
 Leda's Liquefaction      Hex/Erth       0%         N/A       88%         4
 Lee's Rapid Deconstruct  Erth           0%         3d5*      99%         5
 Statue Form              Tmut/Erth      0%         N/A       100%        6


Dungeon Overview and Level Annotations

Branches:
Dungeon (5/15)
 Temple: D:4-7

Altars:
Nemelex Xobeh
Wu Jian

Shops:
D:4 [


Innate Abilities, Weirdness & Mutations

You can breathe blasts of noxious fumes.
Your lurid green scales are hard. (AC +6)
You cannot fit into any form of body armour.
Your system is resistant to poisons. (rPois)
You are cold-blooded and may be slowed by cold attacks.


Message History

Flames lash the scorpion.
You kill the scorpion!
You hear a shout!
An orc wizard comes into view.
It is wielding a +2 dagger of protection.
Casting: Scorch (safe; 1% risk of failure)
Confirm with . or Enter, or press ? or * to list all spells.
Flames lash the jelly.
The jelly is burned terribly!
The jelly is severely wounded.
The jelly hits you. The acid corrodes you!
You are splashed with acid.
Casting: Scorch (safe; 1% risk of failure)
Confirm with . or Enter, or press ? or * to list all spells.
Flames lash something.
The jelly misses you. Something hits you.
The jelly hits you but does no damage.
You climb upwards.
Reactivating autopickup.
There is a stone staircase leading down here.
You hit the jelly but do no damage.
Your hands burn!
The jelly is severely wounded.
The jelly hits you but does no damage.
You hear some strange, mumbled words.
A puff of flame appears from out of thin air!
Deactivating autopickup; reactivate with Ctrl-A.
The puff of flame hits you!
You hit the jelly.
You kill the jelly!
Something hits you. Something hits you but does no damage. Something hits you.
You hear some strange, mumbled words.
A puff of flame appears from out of thin air!
The puff of flame hits you!
* * * LOW HITPOINT WARNING * * *
You hear some strange, mumbled words.
Something tries to affect you, but you resist.
A puff of flame appears from out of thin air!
The puff of flame hits you!
* * * LOW HITPOINT WARNING * * *
A magic dart appears from out of thin air!
The magic dart hits you.
You die...

#.......### #....#..
#....<...#### #....##.
####........# #.....<#
#....###.###..))#..
###..# #..##...###.
#<## ##........##
######.### #....#....#
#....<)..###.#####.#..
#...)@...##..# #.##.
#(.......##.## ##....
#........#..# #...#.
#..........## #.....
#.....{...#######.....
#........#............
#........#......##....
#........#............
#.......>#...#'###....


There were no monsters in sight!

Vanquished Creatures
  A necrophage (D:3)
  2 scorpions
  A jelly (D:4)
  3 orc priests
  2 iguanas
  An orc wizard (D:3)
  8 gnolls
  4 adders
  An adder skeleton (D:4)
  3 worms (D:2)
  A dart slug (D:1)
  13 orcs
  5 bats
  11 endoplasms
  2 giant cockroaches
  13 goblins
  14 hobgoblins
  7 kobolds
  4 quokkas
  4 ball pythons
  A frilled lizard (D:3)
  3 rats
104 creatures vanquished.

Vanquished Creatures (others)
  124 foxfires
124 creatures vanquished.

Grand Total: 228 creatures vanquished

Notes
Turn   | Place    | Note
-------+----------+-------------------------------------------
     0 | D:1      | nickcage the Draconian Fire Elementalist began the quest
                  | for the Orb.
     0 | D:1      | Reached XP level 1. HP: 14/14 MP: 3/3
    94 | D:1      | Reached XP level 2. HP: 20/20 MP: 0/5
   730 | D:1      | Found a faded altar of an unknown god.
   745 | D:1      | Reached skill level 4 in Fire Magic
   967 | D:2      | Reached XP level 3. HP: 26/26 MP: 4/6
  1208 | D:1      | Learned a level 2 spell: Scorch
  1485 | D:2      | Reached XP level 4. HP: 26/33 MP: 3/7
  1511 | D:1      | Reached skill level 5 in Fire Magic
  2718 | D:3      | Reached XP level 5. HP: 38/38 MP: 1/8
  2780 | D:3      | Learned a level 3 spell: Conjure Flame
  3026 | D:3      | Reached skill level 6 in Fire Magic
  3917 | D:4      | Reached XP level 6. HP: 45/45 MP: 4/9
  4355 | D:3      | Reached skill level 7 in Fire Magic
  4829 | D:4      | Found Siraco's Armour Boutique.
  4834 | D:4      | Bought a +0 cloak for 54 gold pieces
  5155 | D:4      | Reached skill level 8 in Fire Magic
  5155 | D:4      | Your scales start taking on a lurid green colour.
  5155 | D:4      | Reached XP level 7. HP: 42/50 MP: 4/10
  5155 | D:4      | Gained mutation: Your system is resistant to poisons.
                  | (rPois) [Green Draconian growth]
  5229 | D:4      | Found an ornate altar of the Wu Jian Council.
  5351 | D:4      | Found a sparkling altar of Nemelex Xobeh.
  5410 | D:5      | Entered Level 5 of the Dungeon
  5446 | D:4      | Killed from afar by an orc wizard

Illustrated notes

Levels and vault maps discovered:
D:1:      dpeg_arrival_morbid_curiosity, layout_rooms, basic_ecumenical_altar
D:2:      layout_rooms, roderic_roman_lattice, kennysheep_generic_room_11
D:3:      layout_basic
D:4:      layout_rooms, nemelex_dance_club_becter, nzn_wu_jian_contemplation,
          serial_shops, nicolae_shop_hallway_plus, hangedman_glass_teeth
D:5:      layout_basic, lightli_temple_of_fire, kennysheep_mini,
          temple_fountains

Skill      XL: |  1  2  3  4  5  6 |
---------------+-------------------+-----
Fire Magic     | 4 5 6 8 |  8.4
Maces & Flails | |  0.6
Dodging        | |  1.7
Stealth        | |  1.7
Spellcasting   | |  2.0
Conjurations   | |  1.2

Action                   |  1- 3 |  4- 6 |  7- 9 || total
-------------------------+-------+-------+-------++-------
Melee: Mace              |    27 |    96 |    14 ||   137
       Tailslap          |     4 |    11 |     1 ||    16
       Punch             |       |     1 |       ||     1
 Cast: Foxfire           |    33 |    38 |     1 ||    72
       Scorch            |     2 |    58 |     5 ||    65
       Conjure Flame     |       |     1 |       ||     1
 Abil: Breathe Noxious F |       |       |     1 ||     1
  Use: Scroll            |       |     1 |       ||     1
 Stab: Sleeping          |     3 |     5 |       ||     8
Armor: Skin              |    14 |    63 |     8 ||    85
Dodge: Dodged            |    24 |   109 |    11 ||   144
